 Dungeon Crawl Stone Soup version 0.13.0-25-g43d4df3 (webtiles) character file.

56089 Impy the Arsonist (level 14, -4/98 HPs)
             Began as a Demonspawn Fire Elementalist on Oct 28, 2013.
             Was a High Priest of Ashenzari.
             Slain by an emperor scorpion (23 damage)
             ... on Level 1 of the Spider Nest.
             The game lasted 02:27:11 (24264 turns).

Impy the Arsonist (Demonspawn Fire Elementalist)   Turns: 24264, Time: 02:27:12

HP  -4/98        AC 17     Str  9      XL: 14   Next: 36%
MP   1/33        EV 18     Int 27      God: Ashenzari [*****.]
Gold 1090        SH 11     Dex 14      Spells:  6 memorised, 18 levels left

Res.Fire  : + . .   See Invis. : +   i - +3 orc short sword (elec)
Res.Cold  : . . .   Warding    : .   b - +1 orc robe {rF+} (curse)
Life Prot.: . . .   Conserve   : .   M - +0 buckler {AC+3} (curse)
Res.Poison: .       Res.Corr.  : .   B - +2 wizard hat {Int+3} (curse)
Res.Elec. : .       Clarity    : +   (no cloak)
Sust.Abil.: . .     Spirit.Shd : .   P - +3 pair of gauntlets of War {Acc+5 Dam+5}
Res.Mut.  : .       Stasis     : .   I - +1 pair of boots "Muaf" {+Fly Acc+2 Stlth}
Res.Rott. : .       Flight     : .   g - cursed amulet of rage
Saprovore : . . .                    z - cursed +3 ring of intelligence
                                     p - cursed ring of sustenance

@: somewhat resistant to hostile enchantments, stealthy
A: hooves 2, powered by death 2, spiny 2, AC +3
a: Scrying, Transfer Knowledge, Renounce Religion, Evoke Berserk Rage, Evoke
Flight


You were on level 1 of the Spider Nest.
You worshipped Ashenzari.
Ashenzari was extremely pleased with you.
You were not hungry.

You visited 5 branches of the dungeon, and saw 25 of its levels.

You collected 2059 gold pieces.
You spent 989 gold pieces at shops.

Inventory:

Hand weapons
 i - a +3,+3 orcish short sword of electrocution (weapon)
 x - a +4,+4 elven short sword of draining
Armour
 b - a cursed +1 orcish robe of fire resistance (worn)
 l - the cursed +3 robe of Folly {Archmagi, MR-- Int+5 Curse}
   (You bought it in a shop on level 4 of the Orcish Mines)

   It affects your intelligence (+5).
   It affects your resistance to hostile enchantments.
   It may recurse itself.
   It has a curse placed upon it.
 w - a +0 orcish robe of cold resistance
 B - a cursed +2 wizard hat of intelligence (worn)
 I - the cursed +1 pair of boots "Muaf" (worn) {+Fly Acc+2 Stlth}
   (You found it on level 10 of the Dungeon)

   It affects your accuracy (+2).
   It lets you fly.
   It makes you more stealthy.
   It has a curse placed upon it.
 M - a cursed +0 buckler of protection (worn)
 O - a +2 robe of positive energy
 P - the cursed +3 pair of gauntlets of War (worn) {Acc+5 Dam+5}
   (You acquired it on level 1 of the Spider Nest)

   It affects your accuracy (+5).
   It affects your damage-dealing abilities (+5).
   It has a curse placed upon it.
Magical devices
 o - a wand of paralysis (7)
 r - a wand of cold (8)
 t - a wand of disintegration (10)
 F - a wand of digging (7)
 K - a wand of fire (9)
 N - a wand of draining (3)
Comestibles
 c - 6 bread rations
 f - a pear
 u - a royal jelly
 G - 7 meat rations
Scrolls
 j - 2 scrolls of curse weapon
 n - 2 scrolls of curse armour
 s - a scroll of enchant weapon I
 y - 2 scrolls of enchant armour
 D - 4 scrolls of identify
 E - 2 scrolls of amnesia
 H - a scroll of remove curse
Jewellery
 e - an uncursed ring of positive energy
 g - a cursed amulet of rage (around neck)
 h - an uncursed ring of teleport control
 p - a cursed ring of sustenance (left hand)
 q - an uncursed ring of protection from fire
 z - a cursed +3 ring of intelligence (right hand)
 J - an uncursed ring of ice
 R - an uncursed ring of flight
Potions
 d - a potion of might
 m - 7 potions of curing
 A - 4 potions of brilliance
Books
 L - a book of Enchantments

   Spells                             Type                      Level
   Cause Fear                         Hexes                        4
   Silence                            Hexes/Air                    5
   Tukima's Dance                     Hexes                        5
   Deflect Missiles                   Charms/Air                   6
   Haste                              Charms                       6
   Discord                            Hexes                        8
Rods
 C - a +1 rod of fiery destruction (13/13)
   (You found it on level 4 of the Lair of Beasts)


   Skills:
 - Level 7.9 Fighting
 - Level 7.3(10.0) Dodging
 - Level 1.7(3.6) Stealth
 * Level 2.7(5.0) Shields
 + Level 12.5 Spellcasting
 - Level 11.5(15.2) Conjurations
 + Level 13.1(16.7) Fire Magic


You had 18 spell levels left.
You knew the following spells:

 Your Spells              Type           Power        Failure   Level  Hunger
a - Flame Tongue          Conj/Fire      #####        0%          1    None
b - Throw Flame           Conj/Fire      ######       0%          2    None
c - Conjure Flame         Conj/Fire      #######.     0%          3    None
d - Sticky Flame          Conj/Fire      #######.     1%          4    None
e - Fireball              Conj/Fire      #######...   1%          5    #......
f - Ignite Poison         Fire/Trmt      ######....   2%          5    #......


Dungeon Overview and Level Annotations

Branches:
Dungeon (11/27)            Temple (1/1) D:6             Orc (4/4) D:11
    Elf (0/3) Orc:4          Lair (8/8) D:10         Shoals (0/5) Lair:4
 Spider (1/5) Lair:4        Slime (0/6) Lair:7

Altars:
Ashenzari
Cheibriados
Elyvilon
Makhleb
Nemelex Xobeh
Vehumet
Xom
Zin
the Shining One
Beogh
Jiyva

Shops:
Orc:4 ?**[

Annotations:
Lair:4 exclusion: downstairs


Innate Abilities, Weirdness & Mutations

You have hoof-like feet.
You are mostly covered in yellow scales (AC +3).
You can steal the life force of defeated enemies.
You are mostly covered in sharp spines.


Message History

The emperor scorpion is almost dead.
The emperor scorpion seems to burn from within!
You kill the emperor scorpion!
You closely miss the emperor scorpion. You kick the emperor scorpion.
The emperor scorpion is almost dead.
The emperor scorpion stings you!
* * * LOW HITPOINT WARNING * * *
You are poisoned.
The emperor scorpion poisons you! The emperor scorpion barely misses you.
The emperor scorpion claws you!
* * * LOW HITPOINT WARNING * * *
Drink which item? (? for menu, Esc to quit)
You feel better.
The emperor scorpion completely misses you.
The emperor scorpion claws you but does no damage.
The emperor scorpion claws you.
* * * LOW HITPOINT WARNING * * *
Drink which item? (? for menu, Esc to quit)
You feel better. The emperor scorpion stings you!
You die...

* ##^....#..##
##. ≈
##...#####^# #.
*≈, ≈* ##...##
### ## * , .≈#
###...## # ,
....# #^...## #
, ,
#...####...## #
,
,***#...##...{#
,,
#^.....########
*
##......s@....#
**
##....#########
, , * ##....§.#
, * #...##^..#
* ,
#.§.####...#* *
, * ......##
#....≈* *#§..§#
#... * ,
*#§§§.* *.., *
....., *,,, *


You could see an emperor scorpion.

Vanquished Creatures
  Gastronok (Lair:3)
  An emperor scorpion (Spider:1)
  Harold (Orc:4)
  3 hydras
  6 death yaks
  A deep elf knight (Orc:4)
  Erolcha (D:10)
  2 catoblepae
  2 wolf spiders (Spider:1)
  A red wasp (Spider:1)
  3 orc sorcerers (Orc:4)
  A sixfirhy (Orc:4)
  The ghost of Impy the Martial Artist, an experienced TeMo of Okawaru (D:6)
  Maurice (Orc:4)
  The ghost of ark the Ruffian, an experienced TrEE (D:5)
  9 spiny frogs
  2 black mambas
  A feature mimic (D:8)
  2 demonic crawlers (Spider:1)
  A fire drake (Lair:6)
  A spriggan druid (Lair:8)
  3 orb spiders (Spider:1)
  Grinder (D:4)
  8 spriggans (Lair:8)
  4 jumping spiders (Spider:1)
  9 komodo dragons
  A hydra zombie (D:10)
  3 blink frogs (Lair:4)
  Prince Ribbit (D:7)
  2 boulder beetles
  2 trolls (Orc:4)
  A brown ooze (Lair:7)
  9 grizzly bears (Lair:8)
  2 trapdoor spiders (Spider:1)
  11 redbacks (Spider:1)
  A tarantella (Spider:1)
  37 yaks
  A basilisk (Lair:4)
  Eustachio (D:8)
  2 hungry ghosts (D:9)
  2 elephant slugs
  A wyvern (D:9)
  9 hippogriffs
  5 swamp worms (Lair:8)
  23 wolves
  2 ice beasts
  5 porcupines
  A giant goldfish (Lair:8)
  A sky beast (D:5)
  4 black bears
  2 yellow wasps
  4 phantoms
  2 boring beetles
  10 crocodiles
  19 orc warriors
  6 centaurs
  7 ogres
  2 wargs
  9 big kobolds (D:8)
  A giant slug (Lair:7)
  16 giant frogs
  12 water moccasins
  6 agate snails
  8 wights
  Duvessa (D:4)
  Dowan (D:4)
  11 crimson imps
  A centaur skeleton (D:6)
  2 goliath beetles
  3 quasits
  2 jellies
  44 orc priests
  A giant frog skeleton (D:10)
  7 hounds
  6 iguanas
  46 orc wizards
  6 worker ants
  10 spiders
  18 scorpions
  11 sheep
  Ijyb (D:6)
  23 adders
  20 giant centipedes
  51 green rats
  5 giant mites
  An inept item mimic (D:8)
  A white imp (D:8)
  13 worms
  An iguana skeleton (D:7)
  2 giant eyeballs
  9 giant geckos
  181 orcs
  A bat skeleton (D:4)
  4 giant cockroaches
  14 hobgoblins
  18 jackals
  27 kobolds
  10 quokkas
  23 bats
  2 giant newts (D:1)
  A giant spore (D:11)
  A gnoll skeleton (D:9)
  18 goblins
  A hobgoblin skeleton (D:4)
  2 orc skeletons
  17 rats
  A rat skeleton (D:6)
  4 ballistomycetes (D:11)
920 creatures vanquished.

Vanquished Creatures (collateral kills)
  A giant cockroach (D:6)
  A goblin (D:6)
  A hobgoblin (D:6)
3 creatures vanquished.

Vanquished Creatures (others)
  2 orcs (Orc:3)
  2 fungi (Lair:7)
  3 plants
7 creatures vanquished.

Grand Total: 930 creatures vanquished

Notes
Turn   | Place    | Note
--------------------------------------------------------------
     0 | D:1      | Impy, the Demonspawn Fire Elementalist, began the quest for the Orb.
     0 | D:1      | Reached XP level 1. HP: 13/13 MP: 3/3
   329 | D:1      | Gained mutation: You are partially covered in sharp spines. [demonic ancestry]
   329 | D:1      | Reached XP level 2. HP: 14/19 MP: 2/4
   986 | D:2      | Reached skill level 3 in Fire Magic
  1075 | D:2      | Gained mutation: You are mostly covered in sharp spines. [demonic ancestry]
  1075 | D:2      | Reached XP level 3. HP: 24/24 MP: 0/6
  1999 | D:2      | Reached XP level 4. HP: 11/30 MP: 2/8
  2503 | D:3      | Found a white marble altar of Elyvilon.
  2845 | D:4      | Noticed a phantom
  2858 | D:4      | Killed a phantom
  2858 | D:4      | Gained mutation: You are partially covered in yellow scales (AC +2). [demonic ancestry]
  2858 | D:4      | Reached XP level 5. HP: 10/35 MP: 0/10
  3084 | D:4      | Noticed Duvessa
  3108 | D:4      | Learned a level 2 spell: Throw Flame
  3112 | D:4      | Learned a level 3 spell: Conjure Flame
  3212 | D:4      | Reached skill level 4 in Fire Magic
  3435 | D:4      | Gained mutation: You are mostly covered in yellow scales (AC +3). [demonic ancestry]
  3435 | D:4      | Reached XP level 6. HP: 24/41 MP: 0/12
  3548 | D:4      | Learned a level 4 spell: Sticky Flame
  3684 | D:4      | Noticed Dowan
  3693 | D:4      | Killed Duvessa
  3698 | D:4      | Killed Dowan
  3867 | D:4      | Noticed Grinder
  3870 | D:4      | Paralysed by Grinder for 3 turns
  3879 | D:4      | Killed Grinder
  3879 | D:4      | Gained mutation: You can steal the life force of nearby defeated enemies. [demonic ancestry]
  3879 | D:4      | Reached XP level 7. HP: 41/46 MP: 1/16
  4272 | D:5      | Entered Level 5 of the Dungeon
  4284 | D:5      | Noticed ark's ghost (experienced TrEE)
  4305 | D:5      | Reached skill level 5 in Fire Magic
  4567 | D:5      | Reached skill level 5 in Conjurations
  4722 | D:5      | Killed ark's ghost
  4722 | D:5      | Reached skill level 5 in Spellcasting
  4722 | D:5      | Reached XP level 8. HP: 23/52 MP: 12/19
  4994 | D:5      | Found a burning altar of Makhleb.
  5049 | D:6      | Reached skill level 6 in Fire Magic
  5055 | D:6      | Noticed Impy's ghost (experienced TeMo)
  5104 | D:6      | Killed Impy's ghost
  5370 | D:6      | Gained mutation: You have large cloven feet. [demonic ancestry]
  5370 | D:6      | Reached XP level 9. HP: 57/57 MP: 15/21
  5546 | D:6      | Learned a level 5 spell: Fireball
  5567 | D:6      | Reached skill level 7 in Conjurations
  5871 | D:6      | Found a staircase to the Ecumenical Temple.
  5913 | Temple   | Entered the Ecumenical Temple
  5988 | Temple   | Became a worshipper of Ashenzari the Shackled
  6460 | D:6      | Noticed Ijyb
  6466 | D:6      | Killed Ijyb
  6627 | D:7      | Noticed Prince Ribbit
  6813 | D:7      | Killed Prince Ribbit
  7055 | D:7      | Reached skill level 8 in Conjurations
  7210 | D:7      | Paralysed by a giant eyeball for 3 turns
  7344 | D:7      | Reached XP level 10. HP: 50/63 MP: 8/24
  7816 | D:8      | Reached skill level 9 in Conjurations
  7849 | D:8      | Noticed Eustachio
  7867 | D:8      | Killed Eustachio
  8454 | D:8      | Noticed Erolcha
  9758 | D:10     | Entered Level 10 of the Dungeon
  9937 | D:10     | Identified the cursed +1 pair of boots "Muaf" {+Fly Acc+2 Stlth}
  9996 | D:10     | Paralysed by Erolcha for 4 turns
 10003 | D:10     | Killed Erolcha
 10215 | D:10     | Reached XP level 11. HP: 68/68 MP: 20/27
 10297 | D:10     | Found a staircase to the Lair.
 10316 | D:10     | Reached skill level 10 in Conjurations
 10467 | Lair:1   | Entered Level 1 of the Lair of Beasts
 10467 | Lair:1   | Noticed an eight-headed hydra
 10503 | Lair:1   | Killed an eight-headed hydra
 11044 | Lair:1   | Reached skill level 10 in Fire Magic
 11059 | Lair:1   | Acquired Ashenzari's first power
 11412 | Lair:2   | Found a radiant altar of Vehumet.
 12536 | Lair:3   | Noticed Gastronok
 12584 | Lair:3   | Killed Gastronok
 12584 | Lair:3   | Reached skill level 10 in Spellcasting
 12736 | Lair:3   | Reached skill level 11 in Conjurations
 13830 | Lair:4   | Gained mutation: You have hoof-like feet. [demonic ancestry]
 13830 | Lair:4   | Reached XP level 12. HP: 62/74 MP: 13/29
 13973 | Lair:4   | Identified a +1 rod of fiery destruction (13/13)
 14245 | Lair:4   | Found a staircase to the Shoals.
 14391 | Lair:4   | Found a hole to the Spider Nest.
 14446 | Lair:4   | Reached skill level 1 in Fighting
 14522 | Lair:4   | Acquired Ashenzari's second power
 14590 | Lair:4   | Noticed a catoblepas
 14646 | Lair:4   | Killed a catoblepas
 15457 | Lair:6   | Noticed a four-headed hydra
 15465 | Lair:6   | Killed a four-headed hydra
 15727 | Lair:6   | Noticed a seven-headed hydra
 15741 | Lair:6   | Killed a seven-headed hydra
 15918 | Lair:6   | Found a radiant altar of Vehumet.
 16097 | Lair:6   | Acquired Ashenzari's third power
 16447 | Lair:7   | Found a staircase to the Slime Pits.
 16448 | Lair:7   | Found a viscous altar of Jiyva.
 16819 | Lair:7   | Identified the Catalogue of Enchantment and the Volcanoes (You found it on level 7 of the Lair of Beasts)
 16826 | Lair:7   | Learned a level 5 spell: Ignite Poison
 17308 | Lair:7   | Reached XP level 13. HP: 80/86 MP: 21/31
 17337 | Lair:7   | Reached skill level 5 in Fighting
 17476 | Lair:8   | Entered Level 8 of the Lair of Beasts
 17582 | Lair:8   | Reached skill level 5 in Dodging
 17745 | Lair:8   | Reached skill level 12 in Fire Magic
 19498 | Spider:1 | Entered Level 1 of the Spider Nest
 19602 | Spider:1 | Acquired Ashenzari's fourth power
 20510 | D:11     | Found a roughly hewn altar of Beogh.
 20510 | D:11     | Found a staircase to the Orcish Mines.
 20597 | Orc:1    | Entered Level 1 of the Orcish Mines
 20719 | Orc:1    | Found a radiant altar of Vehumet.
 21526 | Orc:2    | Found a roughly hewn altar of Beogh.
 22031 | Orc:4    | Entered Level 4 of the Orcish Mines
 22077 | Orc:4    | Found a staircase to the Elven Halls.
 22265 | Orc:4    | Found a glowing silver altar of Zin.
 22372 | Orc:4    | Gained mutation: You can steal the life force of defeated enemies. [demonic ancestry]
 22372 | Orc:4    | Reached XP level 14. HP: 92/98 MP: 26/33
 22404 | Orc:4    | Noticed Maurice
 22544 | Orc:3    | Noticed Harold
 22556 | Orc:4    | Killed Harold
 22861 | Orc:4    | Killed Maurice
 22960 | Orc:4    | Found Gatuliah's Magic Scroll Shoppe.
 22960 | Orc:4    | Found Heihimiu's Assorted Antiques.
 22961 | Orc:4    | Found Greadahe's Assorted Antiques.
 22967 | Orc:4    | Found Kidawial's Antique Armour Emporium.
 22977 | Orc:4    | Bought the cursed +3 robe of Folly {Archmagi, MR-- Int+5 Curse} for 910 gold pieces
 23435 | Orc:4    | Bought a shiny buckler for 62 gold pieces
 23435 | Orc:4    | Bought an embroidered robe for 17 gold pieces
 23848 | Spider:1 | Reached skill level 13 in Fire Magic
 23909 | Spider:1 | Reached skill level 1 in Shields
 24078 | Spider:1 | Identified a scroll of acquirement
 24238 | Spider:1 | Noticed an emperor scorpion
 24239 | Spider:1 | Noticed an emperor scorpion
 24240 | Spider:1 | Noticed an emperor scorpion
 24261 | Spider:1 | Killed an emperor scorpion
 24262 | Spider:1 | HP: 1/98 [emperor scorpion (13)]
 24264 | Spider:1 | Slain by an emperor scorpion

Action                   |  1- 3 |  4- 6 |  7- 9 | 10-12 | 13-15 || total
-------------------------+-------+-------+-------+-------+-------++-------
Melee: Short sword       |    48 |    31 |   164 |   438 |   606 ||  1287
 Cast: Flame Tongue      |    32 |    41 |   136 |   238 |    42 ||   489
       Throw Flame       |       |     5 |     4 |   122 |    54 ||   185
       Conjure Flame     |       |     1 |     4 |     8 |    15 ||    28
       Sticky Flame      |       |     3 |     5 |    99 |   104 ||   211
       Fireball          |       |       |     5 |    16 |    23 ||    44
       Ignite Poison     |       |       |       |       |    20 ||    20
Evoke: Wand              |       |     7 |     1 |     6 |     5 ||    19
  Use: Scroll            |     7 |     4 |     9 |    30 |    14 ||    64
       Potion            |     1 |     2 |     7 |    12 |     9 ||    31
 Stab: Sleeping          |       |     1 |     3 |    10 |     5 ||    19
       Distracted        |       |       |     1 |     1 |     1 ||     3
       Paralysed         |       |       |       |     3 |       ||     3
